cohdb
Replays
Latest Replays
All Replays
Popular Replays
Top Player Replays
Match Explorer
How It Works
Community
CoH3 Stats
Reddit
Sign in to upload your games and track your stats! →
Sign in with Steam
Match 42455847
Unlisted
Match 42455847
Overview
Messages
Build Orders
End
Panzergrenadier Squad
Panzergrenadier Squad
Panzergrenadier Squad
Construct Light Support Kompanie
2.5-tonne Medical Truck
Construct Mechanized Kompanie
Selects Panzerjäger Kommand Battlegroup
Selects Tank Busters
Marder III Tank Destroyer
Veteran Squad Leaders
Forward Retreat Point
254 Reconnaissance Tractor
Construct Panzerarmee Kommand
Selects Crew Shock Tactics
Armored Reserves
Emergency Repair Kits
Rapid Advance
Tiger Heavy Tank
Vehicle Survival Package
Selects Anti-tank Overwatch
Selects Mine Fields
Selects Early Warning
RockWoo
ØuTLaW StAr³
PayPerPaper
Core/DeathCore
Fatal
shabby plc
wapple925602
Grommash
0
0
Comments
sign in to comment!
No comments posted yet!